Map: Crimson Court LE

Players

Shinso - Winner!

  • Race: Zerg Zerg
  • League: Gold
  • Spawn Location: 7:00

TheEmpress

  • Race: Protoss Protoss
  • League: Gold
  • Spawn Location: 1:00

VOD

Have the link to the VOD?

Description

Early Roach Aggression

Time

  • Played on: May 29, 2024, 10:22 p.m.
  • Length: 5:26
Show
View Real Time Build Order
Export as new Build Order

Shinso Zerg - Winner!

Build Orders: Hatch First 

Get SALT Encoding   

  12  0:00  Drone  
  13  0:12  Overlord  
  13  0:16  Drone  
  14  0:31  Drone x2  
  16  0:51  Drone  
  16  0:52  Hatchery  
  16  0:59  Drone x2  
  18  1:14  Spawning Pool  
  18  1:15  Drone  
  18  1:19  Extractor  
  18  1:22  Drone  
  18  1:30  Drone  
  19  1:39  Overlord  
  19  2:00  Drone  
  19  2:01  Overlord  
  20  2:04  Queen x2  
  20  2:06  Drone  
  25  2:14  Roach Warren  
  24  2:15  Drone  
  24  2:18  Drone  
  26  2:28  Drone x2  
  28  2:33  Overlord  
  28  2:40  Drone  
  29  2:45  Queen  
  29  2:50  Overlord  
  31  3:05  Roach x4  
  39  3:16  Roach x3  
  45  3:21  Roach  
  47  3:29  Roach x2  
  47  3:32  Drone x2  
  53  3:45  Overlord x2  
  53  3:48  Drone  
  53  3:49  Drone x2  
  53  3:54  Ravager  
  57  4:01  Drone x3  
  57  4:02  Extractor  
  59  4:19  Ravager  
  60  4:48  Roach x5  
  70  5:00  Drone x4  
  70  5:01  Drone x2  
  70  5:02  Extractor  
  70  5:03  Extractor  
  70  5:06  Evolution Chamber  
  71  5:07  Evolution Chamber  
Show
View Real Time Build Order
Export as new Build Order

TheEmpress Protoss 

Build Orders:  

Get SALT Encoding   

  12  0:00  Probe  
  13  0:12  Probe  
  14  0:21  Pylon  
  14  0:24  Probe  
  15  0:39  Probe  
  15  0:40  Gateway  
  16  0:51  Probe  
  16  0:57  Gateway  
  17  1:03  Probe  
  18  1:14  Assimilator  
  18  1:15  Probe  
  19  1:27  Probe  
  20  1:38  Cybernetics Core  
  20  1:39  Probe  
  21  1:51  Probe, Pylon  
  22  1:55  Assimilator  
  22  2:03  Probe  
  23  2:15  Probe  
  23  2:16  Adept x2 (Chrono Boost)  
  28  2:28  Probe  
  29  2:31  Gateway  
  29  2:33  Warp Gate (Chrono Boost)  
  29  2:36  Pylon  
  29  2:40  Adept  
  31  2:54  Stalker  
  31  2:55  Probe  
  34  3:03  Forge  
  34  3:07  Probe  
  35  3:20  Stalker  
  37  3:30  Pylon  
  37  3:35  Nexus  
  35  3:53  Stalker  
  35  3:54  Stalker  
  39  3:55  Stalker  
  41  4:05  Pylon  
  41  4:06  Probe  
  36  4:27  Robotics Facility  
  32  4:41  Photon Cannon  
  32  4:43  Photon Cannon  
  32  4:54  Stalker x2  
  30  5:07  Shield Battery  
Tags
 
Add a new tag
Caveats
  • Supply blocks, unpowered buildings, or Contaminate may cause inaccurate times.
  • Supply counts are checked every 10 seconds.